SAA
MYRTLE BEACH MERMEN @ LANCASTER FARMERS
08/30/2028
 
TOP OF THE 1ST
Myrtle Beach Mermen batting - Pitching for Lancaster Farmers : LHP Mike Brandner
Pitching: LHP Mike Brandner
Batting: RHB Sixto Estrada 0-0: Called Strike
0-1: Foul Ball, location: 2F
0-2: Ball
1-2: Ground out 6-3 (Groundball, 56)
Batting: RHB Carlos González 0-0: Ball
1-0: Fly out, F9 (Flyball, 9S)
Batting: LHB Juan Villanueva 0-0: Ball
1-0: Called Strike
1-1: Swinging Strike
1-2: Strikes out swinging
Top of the 1st over - 0 run(s), 0 hit(s), 0 error(s), 0 left on base; Myrtle Beach 0 - Lancaster 0
BOTTOM OF THE 1ST
Lancaster Farmers batting - Pitching for Myrtle Beach Mermen : RHP Jorge Vázquez
Pitching: RHP Jorge Vázquez
Batting: RHB Roberto Camacho 0-0: Called Strike
0-1: Called Strike
0-2: Ball
1-2: Ground out 5-3 (Groundball, 56)
Batting: RHB Alejandro Garza 0-0: Ball
1-0: Called Strike
1-1: Ball
2-1: Ball
3-1: Foul Ball, location: 2F
3-2: DOUBLE (Groundball, 5L)
Batting: SHB Janghyun Sam 0-0: Called Strike
0-1: Called Strike
0-2: Ball
1-2: Foul Ball, location: 2F
1-2: Foul Ball, location: 2F
1-2: Fly out, F7 (Line Drive, 7)
Batting: SHB Javier Vega 0-0: Called Strike
0-1: Called Strike
0-2: Ball
1-2: Ball
2-2: Fly out, F8 (Flyball, 78M)
Bottom of the 1st over - 0 run(s), 1 hit(s), 0 error(s), 1 left on base; Myrtle Beach 0 - Lancaster 0
TOP OF THE 2ND
Myrtle Beach Mermen batting - Pitching for Lancaster Farmers : LHP Mike Brandner
Batting: LHB Ferris Minor 0-0: Ball
1-0: Ball
2-0: Fly out, F7 (Flyball, 78S)
Batting: RHB Fernando Martínez 0-0: Swinging Strike
0-1: Ball
1-1: Ball
2-1: Foul Ball, location: 2F
2-2: Ground out 5-3 (Groundball, 5L)
Batting: LHB Shigenobu Ohayashi 0-0: TRIPLE (Flyball, 78XD)
Batting: LHB Marcos Costa 0-0: Swinging Strike
0-1: Foul Ball, location: 2F
0-2: Foul Ball, location: 2F
0-2: Ball
1-2: Ground out 1-3 (Groundball, P)
Top of the 2nd over - 0 run(s), 1 hit(s), 0 error(s), 1 left on base; Myrtle Beach 0 - Lancaster 0
BOTTOM OF THE 2ND
Lancaster Farmers batting - Pitching for Myrtle Beach Mermen : RHP Jorge Vázquez
Batting: LHB Carlos Germán 0-0: Ball
1-0: Ground out 1-3 (Groundball, 13)
Batting: RHB Danijel van Aalten 0-0: Called Strike
0-1: Ground out 4-3 (Groundball, 4S)
Batting: LHB Pancho Farías 0-0: Called Strike
0-1: Swinging Strike
0-2: Ground out U3 (Groundball, 3)
Bottom of the 2nd over - 0 run(s), 0 hit(s), 0 error(s), 0 left on base; Myrtle Beach 0 - Lancaster 0
TOP OF THE 3RD
Myrtle Beach Mermen batting - Pitching for Lancaster Farmers : LHP Mike Brandner
Batting: RHB Mark Frisby 0-0: Called Strike
0-1: Foul Ball, location: 2F
0-2: Strikes out looking
Batting: LHB Philip Strickland 0-0: Ball
1-0: Foul Ball, location: 2F
1-1: Ball
2-1: Fly out, F7 (Flyball, 7LS)
Batting: RHB Sixto Estrada 0-0: Called Strike
0-1: Ball
1-1: Fly out, F7 (Flyball, 7LM)
Top of the 3rd over - 0 run(s), 0 hit(s), 0 error(s), 0 left on base; Myrtle Beach 0 - Lancaster 0
BOTTOM OF THE 3RD
Lancaster Farmers batting - Pitching for Myrtle Beach Mermen : RHP Jorge Vázquez
Batting: RHB António Gonzáles 0-0: Foul Ball, location: 2F
0-1: Foul Ball, location: 2F
0-2: Ground out 6-3 (Groundball, 6S)
Batting: SHB Robert La Caze 0-0: Foul Ball, location: 2F
0-1: Swinging Strike
0-2: Foul Ball, location: 2F
0-2: Ball
1-2: Strikes out looking
Batting: RHB Roberto Camacho 0-0: Foul Ball, location: 2F
0-1: Fly out, F7 (Flyball, 7)
Bottom of the 3rd over - 0 run(s), 0 hit(s), 0 error(s), 0 left on base; Myrtle Beach 0 - Lancaster 0
TOP OF THE 4TH
Myrtle Beach Mermen batting - Pitching for Lancaster Farmers : LHP Mike Brandner
Batting: RHB Carlos González 0-0: Ball
1-0: SINGLE (Groundball, 56D)
Batting: LHB Juan Villanueva 0-0: Foul Ball, location: 2F
0-1: SINGLE (Groundball, 4) (infield hit)
Carlos González to second
Batting: LHB Ferris Minor 0-0: Foul Ball, location: 2F
0-1: Called Strike
0-2: Foul Ball, location: 2F
0-2: Ball
1-2: Ball
2-2: Strikes out swinging
Batting: RHB Fernando Martínez 0-0: Ball
1-0: Ball
2-0: Foul Ball, location: 2F
2-1: Called Strike
2-2: Ball
3-2: Grounds into double play, 1-6-3 (Groundball, P)
Top of the 4th over - 0 run(s), 2 hit(s), 0 error(s), 1 left on base; Myrtle Beach 0 - Lancaster 0
BOTTOM OF THE 4TH
Lancaster Farmers batting - Pitching for Myrtle Beach Mermen : RHP Jorge Vázquez
Batting: RHB Alejandro Garza 0-0: Ball
1-0: DOUBLE (Line Drive, 7LD)
Batting: SHB Janghyun Sam 0-0: Ball
1-0: Ground out 6-3 (Groundball, 6)
Batting: SHB Javier Vega 0-0: Ball
1-0: Swinging Strike
1-1: Ball
2-1: Foul Ball, location: 2F
2-2: Strikes out swinging
Batting: LHB Carlos Germán 0-0: Foul Ball, location: 2F
0-1: Ball
1-1: SINGLE (Line Drive, 7LS)
Alejandro Garza to third
Batting: RHB Danijel van Aalten 0-0: Ball
1-0: Ball
2-0: Ball
3-0: Called Strike
3-1: Called Strike
3-2: Strikes out looking
Bottom of the 4th over - 0 run(s), 2 hit(s), 0 error(s), 2 left on base; Myrtle Beach 0 - Lancaster 0
TOP OF THE 5TH
Myrtle Beach Mermen batting - Pitching for Lancaster Farmers : LHP Mike Brandner
Batting: LHB Shigenobu Ohayashi 0-0: Called Strike
0-1: Ball
1-1: Swinging Strike
1-2: Strikes out swinging
Batting: LHB Marcos Costa 0-0: Foul Ball, location: 2F
0-1: Ball
1-1: SINGLE (Line Drive, 8LS)
Batting: RHB Mark Frisby 0-0: Called Strike
0-1: Grounds into double play, 6-4-3 (Groundball, 56)
Top of the 5th over - 0 run(s), 1 hit(s), 0 error(s), 0 left on base; Myrtle Beach 0 - Lancaster 0
BOTTOM OF THE 5TH
Lancaster Farmers batting - Pitching for Myrtle Beach Mermen : RHP Jorge Vázquez
Batting: LHB Pancho Farías 0-0: Ball
1-0: Ball
2-0: Called Strike
2-1: Foul Ball, location: 2F
2-2: Ball
3-2: SINGLE (Line Drive, 8RS)
Batting: RHB António Gonzáles 0-0: Fly out, F8 (Flyball, 8RM)
Batting: SHB Robert La Caze 0-0: Foul Ball, location: 2F
0-1: Called Strike
0-2: Foul Ball, location: 2F
0-2: Fly out, F8 (Flyball, 89M)
Batting: RHB Roberto Camacho 0-0: Ball
1-0: DOUBLE (Groundball, 5L)
Pancho Farías to third
Runner from 3rd tries for Home, SAFE, throw made home
Batting: RHB Alejandro Garza 0-0: Foul Ball, location: 2F
0-1: Swinging Strike
0-2: Ball
1-2: Ground out 5-3 (Groundball, 56)
Bottom of the 5th over - 1 run(s), 2 hit(s), 0 error(s), 1 left on base; Myrtle Beach 0 - Lancaster 1
TOP OF THE 6TH
Myrtle Beach Mermen batting - Pitching for Lancaster Farmers : LHP Mike Brandner
Batting: LHB Philip Strickland 0-0: Ball
1-0: Called Strike
1-1: Fly out, F8 (Flyball, 89D)
Batting: RHB Sixto Estrada 0-0: Foul Ball, location: 2F
0-1: Ball
1-1: Ball
2-1: Ground out 5-3 (Groundball, 56)
Batting: RHB Carlos González 0-0: Ground out 6-3 (Groundball, 6)
Top of the 6th over - 0 run(s), 0 hit(s), 0 error(s), 0 left on base; Myrtle Beach 0 - Lancaster 1
BOTTOM OF THE 6TH
Lancaster Farmers batting - Pitching for Myrtle Beach Mermen : RHP Jorge Vázquez
Batting: SHB Janghyun Sam 0-0: Swinging Strike
0-1: Swinging Strike
0-2: Strikes out swinging
Batting: SHB Javier Vega 0-0: SINGLE (Line Drive, 4MD)
Batting: LHB Carlos Germán 0-0: Called Strike
0-1: Swinging Strike
0-2: Foul Ball, location: 2F
0-2: Ball
1-2: Foul Ball, location: 2F
1-2: Strikes out looking
Batting: RHB Danijel van Aalten 0-0: Fly out, F7 (Line Drive, 7)
Bottom of the 6th over - 0 run(s), 1 hit(s), 0 error(s), 1 left on base; Myrtle Beach 0 - Lancaster 1
TOP OF THE 7TH
Myrtle Beach Mermen batting - Pitching for Lancaster Farmers : LHP Mike Brandner
Batting: LHB Juan Villanueva 0-0: Ball
1-0: Called Strike
1-1: Ground out 4-3 (Groundball, 4)
Batting: LHB Ferris Minor 0-0: Called Strike
0-1: Ball
1-1: Ball
2-1: Ball
3-1: Foul Ball, location: 2F
3-2: Foul Ball, location: 2F
3-2: Strikes out swinging
Batting: RHB Fernando Martínez 0-0: Called Strike
0-1: Swinging Strike
0-2: Ball
1-2: Strikes out looking
Top of the 7th over - 0 run(s), 0 hit(s), 0 error(s), 0 left on base; Myrtle Beach 0 - Lancaster 1
BOTTOM OF THE 7TH
Lancaster Farmers batting - Pitching for Myrtle Beach Mermen : RHP Jorge Vázquez
Batting: LHB Pancho Farías 0-0: Called Strike
0-1: Called Strike
0-2: Ball
1-2: Ball
2-2: Ball
3-2: Strikes out swinging
Batting: RHB António Gonzáles 0-0: Ball
1-0: Ball
2-0: SINGLE (Flyball, 78S)
Batting: SHB Robert La Caze 0-0: Called Strike
0-1: Foul Ball, location: 2F
0-2: Ball
1-2: Foul Ball, location: 2F
1-2: Ball
2-2: Ball
3-2: Foul Ball, location: 2F
3-2: Base on Balls
António Gonzáles to second
Pinch Hitting: SHB Alfredo Sánchez 0-0: Ball
1-0: Ball
2-0: Fly out, F7 (Flyball, 7)
Batting: RHB Alejandro Garza 0-0: Called Strike
0-1: Ball
1-1: Called Strike
1-2: Ball
2-2: Ball
3-2: Base on Balls
António Gonzáles to third
Robert La Caze to second
Pinch Hitting: LHB Gilberto Jiménez 0-0: Ball
1-0: Ball
2-0: Ball
3-0: Fielders Choice at 2nd, 4-6 (Groundball, 4)
Bottom of the 7th over - 0 run(s), 1 hit(s), 0 error(s), 2 left on base; Myrtle Beach 0 - Lancaster 1
TOP OF THE 8TH
Myrtle Beach Mermen batting - Pitching for Lancaster Farmers : LHP Mike Brandner
Now at 3B: Diego Méndez
Now at SS: Sven Spee
Batting: LHB Shigenobu Ohayashi 0-0: Fly out, F6 (Line Drive, 6)
Batting: LHB Marcos Costa 0-0: Ball
1-0: Ball
2-0: Called Strike
2-1: Foul Ball, location: 2F
2-2: Foul Ball, location: 2F
2-2: Ball
3-2: Foul Ball, location: 2F
3-2: Base on Balls
Pinch Hitting: RHB Éric Leroux 0-0: Swinging Strike
0-1: Reached on error, E6 (Groundball, 6S)
Marcos Costa to third
Pinch Hitting: RHB Maik Palen 0-0: Ball
1-0: Ball
2-0: Ball
3-0: Called Strike
3-1: Called Strike
3-2: Foul Ball, location: 2F
3-2: Foul Ball, location: 2F
3-2: SINGLE (Flyball, 7LS)
Marcos Costa scores
Éric Leroux to third
Runner from 3rd tries for Home, throw and OUT!
Batting: RHB Sixto Estrada 0-0: Ball
1-0: Ball
2-0: Called Strike
2-1: Ball
Balk!
Maik Palen to second
3-1: Called Strike
3-2: Strikes out swinging
Top of the 8th over - 1 run(s), 1 hit(s), 1 error(s), 1 left on base; Myrtle Beach 1 - Lancaster 1
BOTTOM OF THE 8TH
Lancaster Farmers batting - Pitching for Myrtle Beach Mermen : RHP Jorge Vázquez
Now at SS: Éric Leroux
Now in LF: Maik Palen
Batting: SHB Javier Vega 0-0: Fly out, F4 (Line Drive, 4)
Batting: LHB Carlos Germán 0-0: Foul Ball, location: 2F
0-1: Ball
1-1: Swinging Strike
1-2: Foul Ball, location: 2F
1-2: Ball
2-2: Ball
3-2: Foul Ball, location: 2F
3-2: Foul Ball, location: 2F
3-2: SINGLE (Groundball, 6D)
Pitching: LHP Francisco Gonsáles
Batting: RHB Danijel van Aalten 0-0: Fly out, F7 (Flyball, 78S)
Pinch Hitting: RHB Cosmo Castanhedo 0-0: Ball
1-0: SINGLE (Flyball, 7LS)
Carlos Germán to second
Batting: RHB António Gonzáles 0-0: Ball
1-0: Foul Ball, location: 2F
1-1: Swinging Strike
1-2: Strikes out swinging
Bottom of the 8th over - 0 run(s), 2 hit(s), 0 error(s), 2 left on base; Myrtle Beach 1 - Lancaster 1
TOP OF THE 9TH
Myrtle Beach Mermen batting - Pitching for Lancaster Farmers : LHP Mike Brandner
Pitching: RHP Raúl Nieto
Now at 3B: Cosmo Castanhedo
Batting: RHB Carlos González 0-0: Ball
1-0: SINGLE (Line Drive, 8LS)
Batting: LHB Juan Villanueva 0-0: Ball
1-0: Foul Ball, location: 2F
1-1: SINGLE (Groundball, 4MD)
Carlos González to second
Runner from 2nd tries for 3rd, SAFE, throw made to third
Batting: LHB Ferris Minor 0-0: Ball
1-0: Fly out, F8 (Flyball, 8RM)
Runner from 3rd tags up, SCORES, throw made
Batting: RHB Fernando Martínez 0-0: Ball
1-0: Called Strike
1-1: Ball
2-1: Foul Ball, location: 2F
2-2: Foul Ball, location: 2F
2-2: Foul Ball, location: 2F
2-2: Ball
3-2: Base on Balls
Juan Villanueva to second
Batting: LHB Shigenobu Ohayashi 0-0: Ball
1-0: Foul Ball, location: 2F
1-1: Foul Ball, location: 2F
1-2: Strikes out looking
Batting: LHB Marcos Costa 0-0: Called Strike
0-1: Fly out, F7 (Flyball, 7S)
Top of the 9th over - 1 run(s), 2 hit(s), 0 error(s), 2 left on base; Myrtle Beach 2 - Lancaster 1
BOTTOM OF THE 9TH
Lancaster Farmers batting - Pitching for Myrtle Beach Mermen : LHP Francisco Gonsáles
Pitching: RHP Daniel McGovern
Now at 2B: Sal Haynes
Batting: SHB Robert La Caze 0-0: Called Strike
0-1: Ground out U3 (Groundball, 3L)
Batting: RHB Diego Méndez 0-0: Ball
1-0: Swinging Strike
1-1: Ball
2-1: Ball
3-1: Foul Ball, location: 2F
3-2: Fly out, F7 (Flyball, 78S)
Batting: RHB Alejandro Garza 0-0: Ball
1-0: Ball
2-0: Fly out, F8 (Flyball, 78D)
Bottom of the 9th over - 0 run(s), 0 hit(s), 0 error(s), 0 left on base; Myrtle Beach 2 - Lancaster 1
Wednesday, August 30th, 2017 - OOTP Baseball 17.12 Build 75